 Dungeon Crawl Stone Soup version 0.25.0-26-g0c896c7088 (webtiles) character file.

Game seed: 17314285925212270447

5964 makemesuffer the Carver (level 10, -6/72 HPs)
             Began as an Octopode Fighter on July 2, 2020.
             Was a Believer of Dithmenos.
             Mangled by an orc knight
             ... wielding a +0 war axe
              (40 damage)
             ... in a bailey.
             The game lasted 00:19:56 (8501 turns).

makemesuffer the Carver (Octopode Fighter)          Turns: 8501, Time: 00:19:57

Health: -6/72      AC:  1    Str: 17    XL:     10   Next: 84%
Magic:  10/10      EV: 16    Int: 11    God:    Dithmenos [**....]
Gold:   319        SH: 12    Dex: 13    Spells: 9/9 levels left

rFire    . . .     SeeInvis .   x - +0 double sword (vorpal)
rCold    . . .     Gourm    .   b - +1 kite shield
rNeg     . . .     Faith    .   (helmet restricted)
rPois    .         Spirit   .   (no amulet)
rElec    .         Reflect  .   (no ring)
rCorr    .         Harm     .   (no ring)
MR       .....                  (no ring)
Stlth    +++++++...             (no ring)
HPRegen  0.22/turn              (no ring)
MPRegen  0.12/turn              (no ring)
                                (no ring)
                                (no ring)

@: wreathed by umbra
A: almost no armour, stealthy swim, amphibious, 8 rings, constrict 8, camouflage
1, gelatinous body 1
a: Shadow Step, Renounce Religion


You were in a bailey.
You worshipped Dithmenos.
Dithmenos was pleased with you.
You were not hungry.

You visited 2 branches of the dungeon, and saw 8 of its levels.
You also visited: Bailey.

You collected 508 gold pieces.
You spent 189 gold pieces at shops.

Inventory:

Hand Weapons
 r - a +2 falchion of holy wrath
 s - a +1 long sword of holy wrath
 x - a +0 vorpal double sword (weapon)
Missiles
 f - 6 boomerangs (quivered)
Armour
 b - a +1 kite shield (worn)
Wands
 e - a wand of flame (18)
 o - a wand of digging (8)
 t - a wand of random effects (12)
Scrolls
 h - 2 scrolls of remove curse
 n - 2 scrolls of teleportation
 u - a scroll of fear
Potions
 c - a potion of might
 i - 2 potions of curing
 j - a potion of invisibility
 k - 2 potions of heal wounds
 l - 2 potions of stabbing
 m - a potion of mutation
 p - 5 potions of resistance
 v - a potion of ambrosia
 w - a potion of lignification
Comestibles
 a - 3 chunks of flesh
 d - 20 rations


   Skills:
 - Level 7.7 Fighting
 + Level 10.1 Long Blades
 - Level 7.2 Dodging
 - Level 7.1 Stealth
 - Level 9.7 Shields
 - Level 0.5 Evocations


You had 9 spell levels left.
You didn't know any spells.
Your spell library was empty.

Dungeon Overview and Level Annotations

Branches:
Dungeon (7/15)             Temple (1/1) D:5          Bailey (1/1)

Altars:
Ashenzari
Dithmenos
Fedhas
Gozag
Hepliaklqana
Kikubaaqudgha
Makhleb
Nemelex Xobeh
Okawaru
Qazlal
Ru
Sif Muna
Trog
Uskayaw
Wu Jian
Xom
Yredelemnul
Zin
The Shining One

Shops:
D:4 :   D:5 (   D:6 [![=

Annotations:
D:4 2 transporters, Mryle's ghost, amateur DrTm


Innate Abilities, Weirdness & Mutations

You cannot wear most types of armour.
You are very stealthy in the water. (Stealth+)
You are amphibious.
You can wear up to eight rings at the same time.
You can use your tentacles to constrict eight enemies at once.
Your skin changes colour to match your surroundings (Stealth+).
Your rubbery body absorbs attacks. (AC +1, EV +1)


Message History

You constrict the orc knight, but do no damage.
The orc knight hits you with a +0 war axe!!
You hit the orc knight but do no damage.
You squeeze the orc knight, but do no damage.
You constrict the orc knight, but do no damage.
The orc knight hits you with a +0 war axe.
You hit the orc knight.
You squeeze the orc knight, but do no damage.
The orc knight is lightly wounded.
You constrict the orc knight.
The orc knight curses repeatedly.
The orc knight barely misses you.
You riposte.
You hit the orc knight.
You squeeze the orc knight, but do no damage.
The orc knight is moderately wounded.
You completely miss the orc knight. You squeeze the orc knight.
The orc knight is moderately wounded.
You constrict the orc knight.
The orc knight hits you with a +0 war axe!!!
Ouch! That really hurt!
You die...

..#.#..#....#....).#.≈≈≈≈≈.######
..#.#..#)...#......#.≈≈≈≈≈≈#
###'#####.......######≈≈≈≈≈#
..#....)'.8.8.8.#....#≈≈≈≈≈#
..#....)#)).....#....#≈≈≈≈≈#
..#######)#######..# #≈≈≈≈≈#
..'.......)....o'..# #≈≈≈≈≈#
###≈≈≈≈≈≈≈)≈≈≈≈o######≈≈≈≈≈#
≈≈≈≈≈≈≈≈≈≈≈≈≈≈≈≈@≈≈≈≈≈≈≈≈≈≈#
≈≈≈≈≈≈≈≈≈≈≈≈≈≈≈≈≈≈≈≈≈≈≈≈≈≈≈#
≈≈≈≈≈≈≈≈≈≈≈≈≈≈≈≈≈≈≈≈≈≈≈≈≈≈≈#
≈≈≈≈≈≈≈≈≈≈≈≈≈≈≈≈≈≈≈≈≈≈≈≈≈≈≈#
≈≈≈≈≈≈≈≈≈≈≈≈≈≈≈≈≈≈≈≈≈≈≈≈≈≈≈#
≈≈≈≈≈≈≈≈≈≈≈≈≈≈≈≈≈≈≈≈≈≈≈≈≈≈≈#
≈≈≈≈≈≈≈≈≈≈≈≈≈≈≈≈≈≈≈≈≈≈≈≈≈≈≈#
≈≈≈≈≈≈≈≈≈≈≈≈≈≈≈≈≈≈≈≈≈≈≈≈≈≈≈#
############################


You could see 2 orc knights.

Vanquished Creatures
  An orc high priest (Bailey)
  Pikel (D:5)
  2 orc knights (Bailey)
  A centaur skeleton (D:6)
  A kobold demonologist (Bailey)
  8 orc warriors
  5 ogres
  A phantom (D:7)
  A centaur (D:6)
  2 bullfrogs
  A scorpion (D:7)
  3 killer bees (D:7)
  5 electric eels (Bailey)
  3 howler monkeys
  A crimson imp (D:6)
  A bullfrog zombie (D:6)
  2 jellies
  5 orc priests
  2 bullfrog skeletons
  3 hounds
  4 iguanas
  An orc wizard (D:3)
  Natasha (thrice) (D:4)
  6 worker ants
  2 hound skeletons (D:5)
  4 gnolls
  4 adders
  2 oozes
  An adder zombie (D:6)
  A worm (D:2)
  A dart slug (D:2)
  4 leopard geckos
  18 orcs
  3 giant cockroaches
  20 goblins
  11 hobgoblins
  5 jackals
  A quokka (D:7)
  2 ball pythons
  5 bats
  3 frilled lizards
  8 kobolds
  8 rats
  A plant (D:5)
167 creatures vanquished.

Vanquished Creatures (others)
  A gargoyle (D:6)
  2 slaves (D:6)
  An orc priest (D:6)
  A hound (D:6)
  An orc wizard (D:6)
  3 orcs (D:6)
  A quokka (D:6)
10 creatures vanquished.

Grand Total: 177 creatures vanquished

Notes
Turn   | Place    | Note
-------+----------+-------------------------------------------
     0 | D:1      | makemesuffer the Octopode Fighter began the quest for the
                  | Orb.
     0 | D:1      | Reached XP level 1. HP: 16/16 MP: 1/1
   112 | D:1      | Reached XP level 2. HP: 8/21 MP: 2/2
   588 | D:1      | Reached skill level 3 in Long Blades
   949 | D:1      | Reached XP level 3. HP: 24/26 MP: 3/3
  1401 | D:2      | Found a shattered altar of Ashenzari.
  1408 | D:2      | Reached skill level 4 in Long Blades
  1871 | D:2      | Reached XP level 4. HP: 22/31 MP: 4/4
  2751 | D:3      | HP: 1/31 [orc priest/divine providence (11)]
  2752 | D:3      | Reached skill level 5 in Long Blades
  2752 | D:3      | Reached XP level 5. HP: 7/36 MP: 5/5
  3099 | D:3      | Found a faded altar of an unknown god.
  3323 | D:4      | Noticed an ogre
  3480 | D:4      | Reached skill level 6 in Long Blades
  3485 | D:4      | Found Vusit's Book Shoppe.
  3549 | D:4      | Reached XP level 6. HP: 42/42 MP: 6/6
  3778 | D:4      | Reached skill level 7 in Long Blades
  3876 | D:4      | Reached skill level 10 in Long Blades
  3876 | D:4      | Reached XP level 7. HP: 54/54 MP: 7/7
  3895 | D:4      | You fall into a shaft and drop 1 floor!
  3895 | D:5      | Entered Level 5 of the Dungeon
  3903 | D:4      | Noticed Natasha
  3910 | D:4      | Killed Natasha
  3912 | D:4      | Noticed Natasha
  3923 | D:4      | Killed Natasha
  3968 | D:4      | Noticed Natasha
  3978 | D:4      | Killed Natasha
  3978 | D:4      | Reached XP level 8. HP: 51/61 MP: 8/8
  4138 | D:4      | Found a transporter.
  4146 | D:4      | Noticed Mryle's ghost (amateur DrTm)
  4151 | D:4      | Found a transporter.
  4316 | D:5      | Found Eseacam's Antique Weapon Emporium.
  4354 | D:5      | Bought a glowing long sword for 156 gold pieces
  4457 | D:5      | Found a staircase to the Ecumenical Temple.
  4509 | Temple   | Entered the Ecumenical Temple
  4591 | Temple   | Became a worshipper of Dithmenos the Shadowed
  4835 | D:6      | Noticed Pikel
  4868 | D:5      | Killed Pikel
  4868 | D:5      | Reached skill level 5 in Dodging
  4868 | D:5      | Reached XP level 9. HP: 27/65 MP: 9/9
  5137 | D:6      | Noticed a gargoyle
  5376 | D:6      | Found Xucixeg's Jewellery Emporium.
  5511 | D:6      | Killed a gargoyle
  5921 | D:6      | Found Uxo Emev's Antique Armour Shoppe.
  5936 | D:6      | Found Suth's Distillery.
  5940 | D:6      | Bought a potion of lignification for 33 gold pieces
  5948 | D:6      | Found Uximewka's Antique Armour Shop.
  6309 | D:6      | Reached * piety under Dithmenos
  6656 | D:7      | Found a shimmering altar of Xom.
  6970 | D:7      | Reached XP level 10. HP: 72/72 MP: 10/10
  6993 | D:7      | Found a flagged portal.
  7001 | D:7      | Reached skill level 1 in Stealth
  7013 | Bailey   | Entered a bailey
  7356 | Bailey   | Noticed an orc high priest
  7359 | Bailey   | Noticed a kobold demonologist
  7365 | Bailey   | Noticed a sun demon
  7365 | Bailey   | Killed a kobold demonologist
  7365 | Bailey   | Reached skill level 5 in Stealth
  7372 | Bailey   | Killed an orc high priest
  7516 | Bailey   | Noticed an orc knight
  7516 | Bailey   | Noticed an orc knight
  7527 | Bailey   | Found an iron altar of Okawaru.
  7538 | Bailey   | Reached ** piety under Dithmenos
  7574 | Bailey   | Noticed an orc knight
  7597 | Bailey   | Killed an orc knight
  8156 | Bailey   | Noticed an orc knight
  8176 | Bailey   | Killed an orc knight
  8501 | Bailey   | Mangled by an orc knight

Illustrated notes

Levels and vault maps discovered:
D:1:      lemuel_arrival_behind_the_door_large, layout_rooms,
          minmay_indecisive_spiral
D:2:      minmay_kobold_bridge, layout_loops_ring, evilmike_ruin_ashenzari,
          minivault_24, minmay_unequal
D:3:      layout_basic, chequers_ecumenical_altar_simple
D:4:      layout_basic, gammafunk_ghost_smash, first_ration, serial_shops,
          kennysheep_mini, uniq_natasha
D:5:      layout_rooms, minmay_temple_entry_gardened_gates, serial_shops, shop,
          fountainhead
D:6:      kennysheep_big_flooded_room, layout_basic, serial_shops,
          nicolae_shop_waterfront, shop, shop,
          nicolae_shop_temple_entry_statues_fountains, serial_glass,
          glass_columns_a, glass_columns_a, uniq_pikel
D:7:      layout_rooms, enter_bailey_7, basic_altar
Temple:   dpeg_three_leaves_temple
Bailey:   bailey_axe_of_yendor_kennysheep, bailey

Skill      XL: |  1  2  3  4  5  6  7  8  9 10 |
---------------+-------------------------------+-----
Long Blades    | 3 4 5 6 10 | 10.1
Fighting       | 7 |  7.7
Shields        | 7 9 |  9.7
Dodging        | 5 6 7 |  7.2
Stealth        | 7 |  7.1
Evocations     | |  0.5

Action                   |  1- 3 |  4- 6 |  7- 9 | 10-12 || total
-------------------------+-------+-------+-------+-------++-------
Melee: Long sword        |    65 |    53 |   155 |   118 ||   391
       Constrict         |    16 |    13 |    38 |    34 ||   101
       Tentacles         |    14 |    13 |    51 |    33 ||   111
       Double sword      |       |       |       |    10 ||    10
Throw: Boomerang         |       |       |    13 |       ||    13
Evoke: Wand              |       |     6 |     6 |     2 ||    14
  Use: Potion            |       |     3 |       |     3 ||     6
       Scroll            |       |    11 |     9 |     2 ||    22
 Stab: Sleeping          |     4 |     3 |     1 |     6 ||    14
  Eat: Chunk             |     3 |     6 |    10 |     5 ||    24
Armor: Skin              |       |     1 |     6 |     1 ||     8
Dodge: Dodged            |    27 |    20 |    51 |    37 ||   135
Block: Kite shield       |    18 |    22 |    72 |    51 ||   163
       Rpst.: Long sword |     5 |     5 |    23 |    11 ||    44
       Double sword      |       |       |       |     1 ||     1
